 Dungeon Crawl Stone Soup version 0.25.1-2-g60ff931df9 (webtiles) character file.

Game seed: 11845647768786916512

54956 Peloso the Peltast (level 14, -4/129 HPs)
             Began as a Minotaur Fighter on Aug 29, 2020.
             Was a High Priest of Okawaru.
             Slain by a sixfirhy (12 damage)
             ... summoned by an orc high priest
             ... on level 2 of the Orcish Mines.
             The game lasted 01:04:08 (25380 turns).

Peloso the Peltast (Minotaur Fighter)              Turns: 25380, Time: 01:04:10

Health: -4/129     AC: 23    Str: 24    XL:     14   Next: 36%
Magic:  15/15      EV:  9    Int:  5    God:    Okawaru [*****.]
Gold:   1611       SH: 16    Dex: 15    Spells: 13/13 levels left

rFire    + . .     SeeInvis .   a - +1 falchion (elec)
rCold    + + +     Gourm    .   c - +1 kite shield
rNeg     + . .     Faith    .   x - +3 plate armour {rC+}
rPois    .         Spirit   .   (helmet restricted)
rElec    .         Reflect  .   Q - scarf {rC+ rF+}
rCorr    .         Harm     .   H - +2 pair of gloves {Dex+3}
MR       +++++     Clarity  +   (no boots)
Stlth    ..........             m - amulet of the Four Winds {rN+ MR+++ Clar}
HPRegen  0.31/turn              O - ring of Joizxof {rC+ MR+}
MPRegen  0.14/turn              K - ring of wizardry

@: no status effects
A: retaliatory headbutt, horns 2, screaming 1, wild magic 1
a: Heroism, Finesse, Renounce Religion


You were on level 2 of the Orcish Mines.
You worshipped Okawaru.
Okawaru was extremely pleased with you.
You were hungry.

You visited 4 branches of the dungeon, and saw 20 of its levels.
You also visited: Sewer, Ossuary and Gauntlet.

You collected 2137 gold pieces.
You spent 526 gold pieces at shops.

Inventory:

Hand Weapons
 a - a +1 falchion of electrocution (weapon)
 b - a +2 dagger of flaming
 v - a +2 vampiric scimitar
 w - the +4 hand crossbow of Okawaru's Generosity {elec, rF+}
   (Okawaru gifted it to you on level 4 of the Lair of Beasts)

   It charges the ammunition it shoots with electricity; occasionally upon a
   hit, such missiles may discharge and cause terrible harm.
   It protects you from fire.
Armour
 c - a +1 kite shield (worn)
 x - a +3 plate armour of cold resistance (worn)
 H - a +2 pair of gloves of dexterity (worn)
 Q - a scarf of resistance (worn)
Jewellery
 h - an uncursed ring of ice
 m - the amulet of the Four Winds (around neck) {rN+ MR+++ Clar}
   (You bought it in a shop on level 2 of the Orcish Mines)

   [amulet of nothing]

   It protects you from negative energy.
   It affects your resistance to hostile enchantments.
   It protects you against confusion.
 s - an uncursed amulet of the acrobat
 E - an uncursed ring of positive energy
 K - a ring of wizardry (right hand)
 O - the ring of Joizxof (left hand) {rC+ MR+}
   (You found it in a Gauntlet)

   [ring of protection from cold]

   It protects you from cold.
   It affects your resistance to hostile enchantments.
Wands
 j - a wand of iceblast (9)
 l - a wand of clouds (12)
 r - a wand of acid (11)
 W - a wand of digging (3)
Scrolls
 e - a scroll of magic mapping
 g - 2 scrolls of amnesia
 k - 3 scrolls of identify
 p - 9 scrolls of remove curse
 y - 5 scrolls of teleportation
 A - a scroll of enchant weapon
 D - 2 scrolls of noise
 I - a scroll of immolation
 V - 2 scrolls of fog
 Z - a scroll of summoning
Potions
 d - a potion of might
 i - 3 potions of cancellation
 n - a potion of experience
 q - 2 potions of heal wounds
 t - 4 potions of curing
 u - 2 potions of resistance
 z - 4 potions of stabbing
 B - a potion of haste
 F - a potion of flight
 J - a potion of berserk rage
Miscellaneous
 G - a tin of tremorstones (3/3)
 P - a tin of tremorstones (3/3)
 R - a phantom mirror
Comestibles
 f - 35 rations


   Skills:
 + Level 13.5 Fighting
 + Level 3.0(9.9) Short Blades
 + Level 15.1(15.3) Long Blades
 + Level 14.7 Armour
 + Level 3.2 Dodging
 + Level 1.5 Stealth
 + Level 15.7 Shields
 + Level 3.0 Invocations
 + Level 1.3 Evocations


You had 13 spell levels left.
You didn't know any spells.
Your spell library contained the following spells:

 Spells                   Type           Power        Failure   Level  Hunger
 Animate Skeleton         Necr           N/A          87%         1    ##.....
 Apportation              Tloc           #.....       87%         1    ##.....
 Corona                   Hex            #......      87%         1    ##.....
 Magic Dart               Conj           #...         87%         1    ##.....
 Pain                     Necr           #...         87%         1    ##.....
 Sting                    Tmut/Pois      #...         87%         1    ##.....
 Summon Small Mammal      Summ           #...         87%         1    ##.....
 Blink                    Tloc           N/A          95%         2    ###....
 Call Imp                 Summ           #.......     95%         2    ###....
 Poisonous Vapours        Pois/Air       #.....       95%         2    ###....
 Slow                     Hex            #.......     95%         2    ###....
 Confusing Touch          Hex            #.......     99%         3    ####...
 Conjure Flame            Conj/Fire      #.......     99%         3    ####...
 Gell's Gravitas          Tloc           #.........   99%         3    ####...
 Ignite Poison            Fire/Tmut/Pois #.......     99%         3    ####...
 Mephitic Cloud           Conj/Pois/Air  #.......     99%         3    ####...
 Spectral Weapon          Hex/Chrm       #.......     99%         3    ####...
 Fulminant Prism          Conj/Hex       #.........   100%        4    #####..
 Olgreb's Toxic Radiance  Pois           #.......     100%        4    #####..
 Petrify                  Tmut/Erth      #.......     100%        4    #####..
 Metabolic Englaciation   Hex/Ice        #.........   100%        5    ######.
 Silence                  Hex/Air        #.........   100%        5    ######.
 Yara's Violent Unravell  Hex/Tmut       #.........   100%        5    ######.


Dungeon Overview and Level Annotations

Branches:
Dungeon (12/15)            Temple (1/1) D:7            Lair (5/6) D:11
  Swamp (0/4) Lair:3        Snake (0/4) Lair:2          Orc (2/2) D:12
    Elf (0/3) Orc:2         Sewer (visited)         Ossuary (visited)
Gauntlet (visited)
  Slime: Lair:5-6

Altars:
Dithmenos
Elyvilon
Gozag
Kikubaaqudgha
Makhleb
Nemelex Xobeh
Okawaru
Qazlal
Ru
Trog
Uskayaw
Vehumet
Wu Jian
Xom
Yredelemnul
Zin
The Shining One

Shops:
D:5 [   D:6 [   Orc:2 =

Annotations:
D:4 Sigmund
D:10 3 runed translucent doors
D:12 2 transporters, Irhuprit's ghost, journeyman OpIE
Lair:2 3 runed translucent doors, Reubyar's ghost, journeyman MiBe; Toogi's ghost, journeyman DrAr
Lair:3 exclusion: 3 oklob plants
Lair:5 3 runed translucent doors, Caath's ghost, journeyman DrFi


Innate Abilities, Weirdness & Mutations

You reflexively headbutt those who attack you in melee.
You have a pair of horns on your head.
You occasionally shout uncontrollably at your foes.
Your spells are a little harder to cast, but a little more powerful.


Message History

You block the sixfirhy's attack.
Unknown command.
You block the sixfirhy's attack.
The sixfirhy hits you but does no damage.
The soul eater draws from the surrounding life force!
* * * LOW HITPOINT WARNING * * *
You block the sixfirhy's attack.
The soul eater disappears in a puff of smoke!
You feel like a meek peon again.
The sixfirhy hits you but does no damage.
The sixfirhy hits you but does no damage. x3
You block the sixfirhy's attack. You block the sixfirhy's attack.
The sixfirhy hits you.
* * * LOW HITPOINT WARNING * * *
The sixfirhy shocks you!
* * * LOW HITPOINT WARNING * * *
The sixfirhy hits you!
* * * LOW HITPOINT WARNING * * *
The sixfirhy shocks you!
You die...

##.......#
##.#......##
#..........##
##.#........####
##...........#..##
##................#
##.......##.......##
#........####......#
###...@.#####)....##
##.#3....#[[)..##
###..........##
##........##
##.#.......#
#...#.....##
##.#......##
##........<.###
#.............##


You could see a sixfirhy (summoned).

Vanquished Creatures
  Donald (Orc:2)
  An orc warlord (Orc:2)
  A balrug (Gauntlet)
  A minotaur (Gauntlet)
  Josephine (D:11)
  A great orb of eyes (Gauntlet)
  6 hydras
  A catoblepas (Lair:5)
  A tengu warrior (D:11)
  A death yak (Lair:4)
  2 two-headed ogres
  2 orc high priests (Orc:2)
  Urug (Lair:1)
  2 unseen horrors
  4 orc knights (Orc:2)
  Pikel (D:4)
  3 orc sorcerers (Orc:2)
  3 elephants (Lair:4)
  A manticore (Lair:4)
  2 ugly things (Gauntlet)
  9 spiny frogs
  A gargoyle (D:12)
  3 centaur skeletons
  Maggie (D:6)
  3 rime drakes
  3 komodo dragons
  A queen bee (Lair:4)
  3 meliai (Lair:4)
  3 trolls
  2 polar bears (Lair:5)
  3 hippogriffs
  10 blink frogs
  A vampire (D:11)
  Eustachio (D:6)
  2 wraiths (D:11)
  4 wyverns
  47 yaks
  A hungry ghost (D:5)
  A steam dragon (D:11)
  6 basilisks
  A naga (Lair:2)
  6 wargs
  8 water moccasins
  22 orc warriors
  6 porcupines
  Duvessa (D:5)
  3 ice beasts
  4 sky beasts
  2 slaves (D:4)
  4 black bears
  4 necrophages
  5 phantoms
  9 ogres
  5 centaurs
  2 hornet zombies (Ossuary)
  2 wolves (Lair:4)
  6 crocodiles
  A big kobold (D:9)
  24 bullfrogs
  Dowan (D:5)
  A water moccasin zombie (D:11)
  A wyvern skeleton (D:11)
  A wyvern zombie (Ossuary)
  A scorpion (D:11)
  40 killer bees
  A troll zombie (D:7)
  A wight (D:7)
  An electric eel (Lair:5)
  A howler monkey (D:5)
  12 crimson imps
  3 centaur zombies
  5 bullfrog zombies
  5 hounds
  A jelly (D:8)
  A bullfrog skeleton (D:4)
  6 human zombies (D:7)
  Crazy Yiuf (D:2)
  11 orc priests
  19 orc wizards
  3 iguanas
  Natasha (thrice) (D:3)
  9 worker ants
  A killer bee zombie (Ossuary)
  A hound zombie (Ossuary)
  A hound skeleton (D:11)
  15 mummies
  A worker ant zombie (Ossuary)
  3 howler monkey skeletons
  18 adders
  5 shadow imps
  7 oozes (Sewer)
  7 adder zombies
  2 adder skeletons (D:5)
  A worm (D:5)
  4 dart slugs
  11 leopard geckos
  56 orcs
  7 bats
  20 giant cockroaches
  6 goblins
  6 hobgoblins
  4 jackals
  A quokka (D:4)
  14 ball pythons
  10 frilled lizards
  A giant cockroach zombie (Ossuary)
  6 kobolds
  A leopard gecko skeleton (D:6)
  A leopard gecko zombie (D:1)
  An orc zombie (D:7)
  4 quokka zombies
  8 rats
  A withered plant (Ossuary)
608 creatures vanquished.

Vanquished Creatures (others)
  A cyclops (D:12)
  A water elemental (D:12)
  A slave (D:4)
  An electric eel (D:12)
  A hound (D:4)
  A bat (D:3)
  A giant cockroach (D:4)
  A quokka (D:11)
  49 fungi
  36 plants
  A withered plant (Ossuary)
94 creatures vanquished.

Grand Total: 702 creatures vanquished

Notes
Turn   | Place    | Note
-------+----------+-------------------------------------------
     0 | D:1      | Peloso the Minotaur Fighter began the quest for the Orb.
     0 | D:1      | Reached XP level 1. HP: 19/19 MP: 0/0
   153 | D:1      | Reached XP level 2. HP: 27/27 MP: 1/1
   487 | D:1      | Reached XP level 3. HP: 31/33 MP: 2/2
  1061 | D:2      | Found a glowing golden altar of the Shining One.
  1270 | D:2      | Noticed an ogre
  1278 | D:3      | Noticed a phantom
  1327 | D:3      | Killed a phantom
  1327 | D:3      | Reached skill level 1 in Dodging
  1327 | D:3      | Reached XP level 4. HP: 33/40 MP: 3/3
  1410 | D:3      | Reached XP level 5. HP: 46/46 MP: 4/4
  1428 | D:3      | Noticed Natasha
  1440 | D:3      | Killed Natasha
  1619 | D:3      | Noticed Natasha
  1629 | D:3      | Killed Natasha
  1629 | D:3      | Reached skill level 5 in Armour
  1723 | D:3      | Noticed Natasha
  1733 | D:3      | Killed Natasha
  2093 | D:3      | Reached XP level 6. HP: 41/55 MP: 5/5
  2174 | D:3      | Found a radiant altar of Vehumet.
  2387 | D:4      | Noticed a slave
  2387 | D:4      | Noticed a slave
  2409 | D:4      | Killed a slave
  2417 | D:4      | Killed a slave
  2428 | D:4      | Noticed a slave
  2429 | D:4      | Noticed a slave
  2430 | D:4      | Noticed Pikel
  2458 | D:4      | Killed Pikel
  2458 | D:4      | Reached skill level 5 in Fighting
  2458 | D:4      | Reached skill level 5 in Shields
  2458 | D:4      | Reached XP level 7. HP: 33/61 MP: 6/6
  2589 | D:4      | Found a glowing drain.
  2593 | Sewer    | Entered a sewer
  3103 | Sewer    | Reached XP level 8. HP: 66/70 MP: 7/7
  3360 | D:4      | Noticed Sigmund
  3519 | D:5      | Entered Level 5 of the Dungeon
  3842 | D:5      | Found Qushoo's Armour Emporium.
  3869 | D:5      | Found a sand-covered staircase.
  3878 | Ossuary  | Entered an ossuary
  3953 | Ossuary  | Reached XP level 9. HP: 67/78 MP: 8/8
  4405 | D:5      | Found a shadowy altar of Dithmenos.
  4710 | D:5      | Noticed Dowan
  4710 | D:5      | Noticed Duvessa
  4728 | D:5      | Killed Duvessa
  4744 | D:5      | Killed Dowan
  4842 | D:5      | Reached skill level 10 in Long Blades
  5533 | D:4      | Found an opulent altar of Gozag.
  6106 | D:2      | Found a runed translucent door.
  6107 | D:2      | Noticed Crazy Yiuf
  6112 | D:2      | Killed Crazy Yiuf
  6184 | D:6      | Noticed Maggie
  6577 | D:6      | Killed Maggie
  6989 | D:6      | Found Ruup's Armour Boutique.
  7151 | D:6      | Noticed Eustachio
  7178 | D:6      | Killed Eustachio
  7178 | D:6      | Reached XP level 10. HP: 49/86 MP: 9/9
  7524 | D:7      | Found a staircase to the Ecumenical Temple.
  7544 | Temple   | Entered the Ecumenical Temple
  7603 | Temple   | Became a worshipper of Warmaster Okawaru
  7991 | D:7      | Found a burning altar of Makhleb.
  8183 | D:7      | Found a bloodstained altar of Trog.
  8184 | D:7      | Found an ancient bone altar of Kikubaaqudgha.
  8185 | D:7      | Found a white marble altar of Elyvilon.
  8654 | D:7      | Found an ornate altar of the Wu Jian Council.
  9019 | D:7      | Reached * piety under Okawaru
  9074 | D:7      | Found a basalt altar of Yredelemnul.
  9597 | D:8      | Found a sacrificial altar of Ru.
  9813 | D:8      | Got a steaming cloak
  9824 | D:8      | Identified the +1 cloak "Vibog" {rElec Regen+ Int-5} (You
                  | found it on level 8 of the Dungeon)
  9824 | D:8      | Lost intelligence.
  9980 | D:9      | Reached skill level 10 in Shields
 10217 | D:9      | Killed an unseen horror
 11167 | D:10     | Entered Level 10 of the Dungeon
 11203 | D:10     | Reached ** piety under Okawaru
 11230 | D:10     | Reached skill level 10 in Armour
 11550 | D:10     | Noticed a two-headed ogre
 11562 | D:10     | Killed a two-headed ogre
 11562 | D:10     | Reached XP level 11. HP: 83/95 MP: 10/10
 11632 | D:10     | Reached *** piety under Okawaru
 11937 | D:10     | Found a runed translucent gate.
 11937 | D:10     | Found a runed translucent gate.
 11939 | D:10     | Found a runed translucent gate.
 11939 | D:10     | Noticed a cyan ugly thing
 11939 | D:10     | Noticed a brown ugly thing
 11939 | D:10     | Noticed a green very ugly thing
 11940 | D:10     | Noticed a green ugly thing
 11941 | D:10     | Noticed a brown ugly thing
 11941 | D:10     | Noticed a green ugly thing
 11941 | D:10     | Noticed a green ugly thing
 12049 | D:10     | Killed an unseen horror
 12359 | D:11     | Found a gate leading to a gauntlet.
 12369 | Gauntlet | Entered a Gauntlet
 12369 | Gauntlet | Found a transporter.
 12369 | Gauntlet | Found a transporter.
 12369 | Gauntlet | Found a transporter.
 12369 | Gauntlet | Noticed a balrug
 12370 | Gauntlet | Found a transporter.
 12374 | Gauntlet | Found a transporter.
 12387 | Gauntlet | Noticed a white ugly thing
 12387 | Gauntlet | Noticed a brown ugly thing
 12388 | Gauntlet | Noticed a great orb of eyes
 12389 | Gauntlet | Found a transporter.
 12389 | Gauntlet | Found a transporter.
 12455 | Gauntlet | Found a transporter.
 12475 | Gauntlet | Found a transporter.
 12484 | Gauntlet | Found a transporter.
 12486 | Gauntlet | Found a large runed translucent door.
 12487 | Gauntlet | Found a large runed translucent door.
 12488 | Gauntlet | Found a large runed translucent door.
 12488 | Gauntlet | Found a large runed translucent door.
 12488 | Gauntlet | Found a runed translucent door.
 12488 | Gauntlet | Found a runed translucent door.
 12489 | Gauntlet | Found a large runed translucent door.
 12489 | Gauntlet | Found a large runed translucent door.
 12489 | Gauntlet | Found a large runed translucent door.
 12489 | Gauntlet | Found a large runed translucent door.
 12490 | Gauntlet | Found a large runed translucent door.
 12491 | Gauntlet | Found a large runed translucent door.
 12492 | Gauntlet | Found a large runed translucent door.
 12492 | Gauntlet | Found a large runed translucent door.
 12493 | Gauntlet | Found a large runed translucent door.
 12493 | Gauntlet | Found a large runed translucent door.
 12493 | Gauntlet | Found a large runed translucent door.
 12493 | Gauntlet | Found a large runed translucent door.
 12496 | Gauntlet | Found a runed translucent gate.
 12496 | Gauntlet | Found a runed translucent gate.
 12496 | Gauntlet | Found a runed translucent gate.
 12497 | Gauntlet | Noticed a wizard
 12498 | Gauntlet | Found a transporter.
 12513 | Gauntlet | Found a transporter.
 12620 | Gauntlet | Killed a balrug
 12620 | Gauntlet | Reached **** piety under Okawaru
 12632 | Gauntlet | Got a crude platinum ring
 12633 | Gauntlet | Identified the ring of Joizxof {rC+ MR+} (You found it in a
                  | Gauntlet)
 12657 | Gauntlet | Killed a brown ugly thing
 12669 | Gauntlet | Killed a white ugly thing
 12678 | Gauntlet | Paralysed by a great orb of eyes for 2 turns
 12685 | Gauntlet | Killed a great orb of eyes
 13065 | Gauntlet | Noticed a minotaur
 13086 | Gauntlet | Killed a minotaur
 13086 | Gauntlet | Reached ***** piety under Okawaru
 13109 | Gauntlet | Got a scorched flail
 13110 | Gauntlet | Identified the +9 flail "Wacremn" {protect, +Rage rF+} (You
                  | found it in a Gauntlet)
 13264 | D:11     | Noticed a tengu warrior
 13277 | D:11     | Killed a tengu warrior
 13277 | D:11     | Reached skill level 10 in Fighting
 13277 | D:11     | Reached skill level 1 in Evocations
 13458 | D:11     | Noticed a two-headed ogre
 13475 | D:11     | Killed a two-headed ogre
 13929 | D:11     | Reached skill level 1 in Invocations
 13932 | D:11     | Reached XP level 12. HP: 98/108 MP: 11/11
 14264 | D:11     | Received a gift from Okawaru
 14389 | D:11     | Found a staircase to the Lair.
 14673 | D:11     | Noticed Josephine
 14689 | D:11     | Killed Josephine
 14863 | Lair:1   | Entered Level 1 of the Lair of Beasts
 15109 | Lair:1   | Noticed Urug
 15220 | Lair:1   | Killed Urug
 15220 | Lair:1   | Reached skill level 1 in Stealth
 15333 | Lair:1   | Noticed a six-headed hydra
 15347 | Lair:1   | Killed a six-headed hydra
 15347 | Lair:1   | Received a gift from Okawaru
 15629 | Lair:1   | Noticed a four-headed hydra
 15647 | Lair:1   | Killed a four-headed hydra
 15651 | Lair:1   | Reached skill level 1 in Short Blades
 16120 | Lair:2   | Found a staircase to the Snake Pit.
 16142 | Lair:2   | Noticed a six-headed hydra
 16156 | Lair:2   | Killed a six-headed hydra
 16506 | Lair:2   | Found a runed translucent gate.
 16506 | Lair:2   | Found a runed translucent gate.
 16506 | Lair:2   | Found a runed translucent gate.
 16508 | Lair:2   | Noticed Toogi's ghost (journeyman DrAr)
 16508 | Lair:2   | Noticed Reubyar's ghost (journeyman MiBe)
 17000 | Lair:3   | Found a staircase to the Swamp.
 17298 | Lair:3   | Reached ****** piety under Okawaru
 17298 | Lair:3   | Reached XP level 13. HP: 114/119 MP: 13/13
 18273 | Lair:4   | Found a sacrificial altar of Ru.
 18425 | Lair:4   | Received a gift from Okawaru
 19967 | Lair:4   | Identified Gics's Papyrus of Enchanting Stolen Souls
 20204 | Lair:4   | Received a gift from Okawaru
 20209 | Lair:4   | Got a scorched hand crossbow {god gift}
 20211 | Lair:4   | Identified the +4 hand crossbow of Okawaru's Generosity
                  | {elec, rF+} (Okawaru gifted it to you on level 4 of the
                  | Lair of Beasts)
 20708 | Lair:5   | Found a runed translucent gate.
 20708 | Lair:5   | Found a runed translucent gate.
 20708 | Lair:5   | Found a runed translucent gate.
 20713 | Lair:5   | Noticed Caath's ghost (journeyman DrFi)
 21970 | D:12     | Noticed Irhuprit's ghost (journeyman OpIE)
 22018 | D:12     | Found a transporter.
 22022 | D:12     | Found a transporter.
 22158 | D:12     | Received a gift from Okawaru
 22253 | D:12     | Found a staircase to the Orcish Mines.
 22394 | D:12     | Reached skill level 15 in Shields
 22743 | Orc:1    | Entered Level 1 of the Orcish Mines
 23028 | Orc:2    | Entered Level 2 of the Orcish Mines
 23048 | Orc:1    | Reached XP level 14. HP: 129/129 MP: 14/14
 23540 | Orc:2    | Noticed Donald
 23896 | Orc:2    | Killed Donald
 24120 | Orc:2    | Found a staircase to the Elven Halls.
 24329 | Orc:2    | Noticed an orc warlord
 24508 | Orc:2    | Found Wocw's Jewellery Shop.
 24517 | Orc:2    | Bought the amulet of the Four Winds {rN+ MR+++ Clar} for
                  | 526 gold pieces
 24517 | Orc:2    | Found the amulet of the Four Winds {rN+ MR+++ Clar}
 24935 | Orc:2    | Reached skill level 15 in Long Blades
 25136 | Orc:2    | Gained mutation: You occasionally shout uncontrollably at
                  | your foes. [a neqoxec]
 25137 | Orc:2    | Gained mutation: Your spells are a little harder to cast,
                  | but a little more powerful. [a neqoxec]
 25308 | Orc:2    | Killed an orc warlord
 25380 | Orc:2    | Slain by a sixfirhy

Illustrated notes

Levels and vault maps discovered:
D:1:      saegor_arrival_fortress, layout_rooms, minmay_misc_feat_encased
D:2:      layout_basic, nicolae_tso_carved_into_rock, uniq_crazy_yiuf_cottage
D:3:      layout_rooms, fiery_altar_vehumet, uniq_natasha
D:4:      layout_basic, kennysheep_little_box, gup_sewer_entry_bowl,
          uniq_sigmund, uniq_pikel
D:5:      minmay_recursive_quarters, layout_basic, kennysheep_mini_moat,
          first_ration, serial_shops, nicolae_shop_waterfront,
          lightli_ossuary_entry_decrepit_ruins, chequers_serial_rivers_large_a,
          uniq_duvessa
D:6:      layout_rooms, serial_shops, shop, uniq_maggie, uniq_eustachio
D:7:      layout_layer_cave, lemuel_doored_altar,
          chequers_temple_overflow_statue_of_worship,
          lemuel_coloured_pillars_altar, lemuel_mausoleum_altar_yredelemnul,
          minmay_temple_entry_stoned_glass, grunt_ogre_cave
D:8:      layout_basic, nicolae_ru_sacrificial_ziggurat, hangedman_glass_teeth
D:9:      layout_loops_corners, serial_rivers, chequers_serial_rivers_room_a,
          chequers_serial_rivers_micro_d, chequers_serial_rivers_small_a,
          chequers_serial_rivers_marsh, minmay_between
D:10:     layout_irregular_city, ploomutoo_gammafunk_ghost_potion_laboratory
D:11:     minmay_inner_zag, layout_loops_corners, due_lair_maze_entry_diamond,
          gauntlet_entry_generic, uniq_josephine
D:12:     layout_loops_ring, minmay_orc_entry_guard_dogs, gammafunk_ghost_hive,
          lemuel_freeze_loot_1
Temple:   hc_temple_tempest_star
Lair:1:   minmay_lair_venomous_thicket, layout_big_grid, grunt_megastairs_5,
          uniq_urug
Lair:2:   layout_big_grid, guppyfry_snake_entry_garden, gammafunk_ghost_cemetery
Lair:3:   layout_long_grid, swamp_mist, minmay_hedge_maze, minivault_19,
          lemuel_fruit_tree, minmay_lair_oklob_chamber
Lair:4:   regret_index_bee_streams, layout_regular_city, basic_altar
Lair:5:   layout_cellular_growth, gammafunk_ghost_icy, gammafunk_lair_bear_cave,
          infiniplex_staircase_pool_2
Orc:1:    layout_caves
Orc:2:    st_orc_congregation, layout_diamond_mine, serial_shops,
          nicolae_shop_stone, uniq_donald

Skill      XL: |  1  2  3  4  5  6  7  8  9 10 11 12 13 14 |
---------------+-------------------------------------------+-----
Armour         | 4 5 6 7 8 10 11 12 14 | 14.7
Shields        | 4 5 6 7 9 10 11 13 15 | 15.7
Long Blades    | 3 4 6 8 11 12 13 14 15 | 15.1
Dodging        | 1 2 3 |  3.2
Fighting       | 4 5 6 7 8 10 12 13 | 13.5
Evocations     | 1 |  1.3
Invocations    | 1 2 3 |  3.0
Stealth        | 1 |  1.5
Short Blades   | 1 3 |  3.0

Action                   |  1- 3 |  4- 6 |  7- 9 | 10-12 | 13-15 || total
-------------------------+-------+-------+-------+-------+-------++-------
Melee: Long sword        |   116 |   121 |   585 |   598 |       ||  1420
       Headbutt          |    14 |    20 |   101 |   230 |   238 ||   603
       Scimitar          |       |       |       |   233 |    84 ||   317
       Dagger            |       |       |       |    28 |    38 ||    66
       Falchion          |       |       |       |       |   808 ||   808
Invok: Heroism           |       |       |       |    13 |    17 ||    30
       Finesse           |       |       |       |       |     2 ||     2
Evoke: Wand              |       |       |       |     6 |       ||     6
  Use: Potion            |     3 |       |     1 |     3 |     5 ||    12
       Scroll            |       |       |    13 |    13 |     4 ||    30
 Stab: Distracted        |       |       |       |       |     1 ||     1
  Eat: Chunk             |     1 |     3 |    14 |    16 |    18 ||    52
       Ration            |       |       |     2 |     5 |     2 ||     9
Armor: Scale mail        |    46 |       |       |       |       ||    46
       Plate armour      |    28 |    60 |   316 |   432 |   281 ||  1117
Dodge: Dodged            |    17 |    18 |    86 |   173 |   255 ||   549
Block: Kite shield       |    71 |    48 |   377 |   491 |   659 ||  1646
       Rpst.: Long sword |     3 |     8 |    24 |    23 |       ||    58
       Scimitar          |       |       |       |    12 |     6 ||    18
       Falchion          |       |       |       |       |    42 ||    42
